 Dungeon Crawl Stone Soup version 0.30.0-10-gfe55d96785 (webtiles) character file.

Game seed: 1375024986392949631

893 Leibowitz the Cutter (level 7, 0/36 HPs)
             Began as a Spriggan Gladiator on May 16, 2023.
             Was an Initiate of Wu Jian.
             Slain by Duvessa
             ... wielding a +0 rapier of venom
              (7 damage)
             ... on level 5 of the Dungeon.
             The game lasted 00:14:42 (4276 turns).

Leibowitz the Cutter (Spriggan Gladiator)           Turns: 4276, Time: 00:14:43

Health: 0/36       AC:  4    Str: 10    XL:     7   Next: 78%
Magic:  0/8        EV: 21    Int:  9    God:    Wu Jian [......]
Gold:   303        SH:  0    Dex: 19    Spells: 6/6 levels left

rFire   . . .        a - +0 rapier
rCold   . . .        (no shield)
rNeg    + . .        y - +1 robe {rN+}
rPois   +            c - +0 hat
rElec   .            o - +0 cloak
rCorr   .            (gloves unavailable)
SInv    +            (boots unavailable)
Will    +....        j - amulet of guardian spirit
Stlth   +++          p - ring of poison resistance
HPRegen 0.26/turn    (no ring)
MPRegen 0.11/turn

%: guardian spirit
@: very quick
A: very small, no large weapons, unfitting armour, see invisible, speed 3
a: Renounce Religion


You were on level 5 of the Dungeon.
You worshipped Wu Jian.
Wu Jian was noncommittal.
You visited 1 branch of the dungeon, and saw 5 of its levels.

You collected 339 gold pieces.
You spent 36 gold pieces at shops.

Inventory:

Hand Weapons
 a - a +0 rapier (weapon)
 l - a +0 short sword of flaming
Armour
 c - a +0 hat (worn)
 o - a +0 cloak (worn)
 y - a +1 robe of positive energy (worn)
Jewellery
 j - an amulet of guardian spirit (around neck)
 p - a ring of poison resistance (left hand)
Scrolls
 b - a scroll of blinking {unknown}
 e - 9 scrolls of identify {unknown}
 f - 2 scrolls of brand weapon {unknown}
 g - 2 scrolls of poison {unknown}
 h - a scroll of fear {unknown}
 m - a scroll of enchant weapon {unknown}
 q - a scroll of vulnerability {unknown}
 s - 2 scrolls of noise {unknown}
 u - a scroll of acquirement {unknown}
 w - 2 scrolls of teleportation {unknown}
 z - a scroll of fog {unknown}
 D - a scroll of magic mapping {unknown}
Potions
 k - a potion of mutation {unknown}
 n - a potion of lignification {unknown}
 r - a potion of haste {unknown}
 t - a potion of attraction {unknown}
 v - a potion of degeneration {unknown}
 x - a potion of flight {unknown}
 A - a potion of might {unknown}
 B - a potion of magic {unknown}


   Skills:
 * Level 3.2 Fighting
 * Level 7.5 Short Blades
 - Level 2.0 Throwing
 * Level 6.5 Dodging
 * Level 5.2 Stealth


You had 6 spell levels left.
You didn't know any spells.
Your spell library contained the following spells:

 Spells                   Type           Power      Damage    Failure   Level
 Freeze                   Ice            0%         1d3       38%         1
 Summon Small Mammal      Summ           0%         N/A       38%         1
 Call Canine Familiar     Summ           0%         N/A       77%         3
 Frozen Ramparts          Ice            0%         1d1       77%         3
 Hailstorm                Conj/Ice       0%         3d3       77%         3
 Summon Guardian Golem    Hex/Summ       0%         N/A       77%         3
 Anguish                  Hex/Necr       0%         N/A       99%         4
 Agony                    Necr           0%         N/A       100%        5
 Borgnjor's Vile Clutch   Necr/Erth      0%         N/A       100%        5
 Eringya's Noxious Bog    Tmut/Pois      0%         N/A       100%        6


Dungeon Overview and Level Annotations

Branches:
Dungeon (5/15)
 Temple: D:4-7

Altars:
Fedhas
Sif Muna
Wu Jian
Zin

Shops:
D:1 ?!!([   D:3 [

Annotations:
D:5 1 transporter, Dowan; Duvessa; Zaque's ghost, novice TrHu


Innate Abilities, Weirdness & Mutations

You are very small and have problems with some larger weapons.
You are too small for most types of armour.
You have supernaturally acute eyesight. (SInv)
You cover ground extremely quickly. (Speed+++)


Message History

Duvessa is moderately wounded.
You feel sick. Duvessa completely misses you.
You closely miss Duvessa.
Duvessa is moderately wounded.
You feel sick.
Duvessa hits you with a +0 rapier of venom.
Dowan gestures wildly while chanting.
Dowan blinks!
You hit Duvessa but do no damage.
Duvessa is moderately wounded.
Duvessa misses you.
You hit Duvessa.
Duvessa is heavily wounded.
You feel sick.
You are no longer poisoned.
Duvessa barely misses you. Duvessa misses you.
You hit Duvessa.
Duvessa is heavily wounded.
Duvessa says, "Where magic fails, the sword succeeds!"
Duvessa misses you.
You puncture Duvessa!
Duvessa is severely wounded.
Duvessa completely misses you.
You closely miss Duvessa.
Duvessa is severely wounded.
Duvessa hits you with a +0 rapier of venom!
* * * LOW HITPOINT WARNING * * *
You closely miss Duvessa.
Duvessa is severely wounded.
Duvessa closely misses you. Duvessa misses you.
You hit Duvessa.
Duvessa is almost dead.
Duvessa misses you.
Dowan says, "Stay away from my face!"
Dowan casts a spell.
Dowan blinks!
You barely miss Duvessa.
Duvessa is almost dead.
Duvessa hits you with a +0 rapier of venom!
You die...

#............###...>....
#...#.........##......(.
###...
##e.................
#....
#..........##.......
#.e.
##..#........#######
##...###..###..#..## #
#.(....ยง.##.##### #
###(#.#e##### # #.###@#
# ## ### #


You could see Duvessa (fast) and Dowan.

Vanquished Creatures
  Eustachio (D:4)
  An ogre (D:4)
  2 scorpions
  3 wights (D:4)
  A howler monkey (D:5)
  2 hounds (D:5)
  An orc priest (D:2)
  A sleepcap (D:5)
  Terence (D:1)
  Robin (D:4)
  3 gnolls (D:5)
  6 adders
  An ufetubus (D:5)
  A worm (D:2)
  5 dart slugs
  9 orcs
  8 endoplasms
  6 giant cockroaches
  6 hobgoblins
  2 jackals
  5 quokkas
  5 ball pythons
  8 bats
  3 frilled lizards
  19 goblins
  6 kobolds
  8 rats
115 creatures vanquished.

Notes
Turn   | Place    | Note
-------+----------+-------------------------------------------
     0 | D:1      | Leibowitz the Spriggan Gladiator began the quest for the
                  | Orb.
     0 | D:1      | Reached XP level 1. HP: 10/10 MP: 2/2
    97 | D:1      | Found Pomoteu's Antique Weapon Emporium.
   276 | D:1      | Found Higistri's Distillery.
   281 | D:1      | Reached XP level 2. HP: 15/15 MP: 3/3
   292 | D:1      | Found Cakywela's Magic Scroll Emporium.
   303 | D:1      | Bought a potion of curing for 36 gold pieces
   418 | D:1      | Found Xiwas's Armour Emporium.
   457 | D:1      | Found Nudi's Distillery.
   635 | D:1      | Reached skill level 1 in Stealth
   855 | D:1      | Reached skill level 4 in Short Blades
  1243 | D:2      | Reached XP level 3. HP: 18/18 MP: 4/4
  1254 | D:2      | Noticed Terence
  1331 | D:1      | Killed Terence
  1332 | D:1      | Reached XP level 4. HP: 15/23 MP: 2/5
  1391 | D:2      | Got the Incunable of Shadows and Venin
  1894 | D:2      | Reached skill level 5 in Short Blades
  1894 | D:2      | Reached skill level 5 in Dodging
  1894 | D:2      | Reached XP level 5. HP: 6/26 MP: 0/6
  2427 | D:3      | Found Deof's Antique Armour Emporium.
  2621 | D:4      | Noticed Robin
  2634 | D:4      | Killed Robin
  2636 | D:4      | Reached XP level 6. HP: 13/32 MP: 1/7
  2639 | D:4      | Noticed Eustachio
  2835 | D:4      | Killed Eustachio
  2836 | D:4      | Reached skill level 6 in Short Blades
  3076 | D:4      | Reached XP level 7. HP: 31/35 MP: 8/8
  3236 | D:4      | Found a glowing silver altar of Zin.
  3445 | D:4      | Found an ornate altar of the Wu Jian Council.
  3445 | D:4      | Found a shimmering blue altar of Sif Muna.
  3452 | D:4      | Became a worshipper of the Wu Jian Council
  3672 | D:4      | Reached skill level 7 in Short Blades
  3859 | D:5      | Entered Level 5 of the Dungeon
  3859 | D:5      | Found a blossoming altar of Fedhas.
  4064 | D:5      | Reached skill level 5 in Stealth
  4112 | D:5      | Found a transporter.
  4118 | D:5      | Noticed Zaque's ghost (novice TrHu)
  4211 | D:5      | Noticed Dowan
  4217 | D:5      | Noticed Duvessa
  4276 | D:5      | Slain by Duvessa

Illustrated notes

Levels and vault maps discovered:
D:1:      dpeg_arrival_water_temple_mockup, layout_basic, serial_shops, shop,
          nicolae_shop_window_shopping, shop, shop,
          nicolae_shop_just_a_little_nook, chequers_serial_rivers_room_b
D:2:      cheibrodos_pilgrimage, layout_rooms, chequers_garden, st_stairs_2,
          uniq_terence
D:3:      layout_rooms, serial_shops, nicolae_shop_real_fake_doors,
          lightli_corner_chamber
D:4:      layout_loops_ring, gammafunk_temple_overflow_pools,
          amcnicky_altar_gilded, kennysheep_windowed_goal, uniq_eustachio,
          uniq_robin
D:5:      layout_cave_pools, fedhas_altar_3, minmay_temple_entry_hall,
          gammafunk_ghost_smash, minmay_misc_feat_pillars, uniq_duvessa,
          uniq_grinder

Skill      XL: |  1  2  3  4  5  6  7 |
---------------+----------------------+-----
Stealth        | 1 2 3 4 5 |  5.2
Short Blades   | 4 5 6 7 |  7.5
Fighting       | 2 3 |  3.2
Dodging        | 5 6 |  6.5
Throwing       | |  2.0

Action                     |  1- 3 |  4- 6 |  7- 9 || total
---------------------------+-------+-------+-------++-------
  Melee: Rapier            |    94 |   214 |   121 ||   429
         Punch             |     1 |     4 |     3 ||     8
         Short sword       |       |    12 |    28 ||    40
  Throw: Throwing net      |     3 |     1 |     1 ||     5
Ability: Lunge             |       |       |     6 ||     6
    Use: Potion            |       |     3 |     2 ||     5
   Stab: Sleeping          |     2 |    10 |     4 ||    16
         Held in net/web   |     2 |     1 |       ||     3
         Distracted        |       |     1 |       ||     1
 Armour: Robe              |    10 |    20 |    11 ||    41
  Dodge: Dodged            |    84 |   198 |    82 ||   364
